 Dungeon Crawl Stone Soup version 0.18-a0-1088-g34ef3a2 (webtiles) character file.

199 ater218 the Magician (level 5, 0/25 HPs)
             Began as a Deep Elf Venom Mage on Jan 15, 2016.
             Slain by an ice beast (2 damage)
             ... on level 5 of the Dungeon.
             The game lasted 00:24:17 (3726 turns).

ater218 the Magician (Deep Elf Venom Mage)          Turns: 3726, Time: 00:24:17

Health: 0/25       AC:  5    Str:  4    XL:     5   Next: 48%
Magic:  6/15       EV: 13    Int: 27    God:
Gold:   121        SH:  0    Dex: 15    Spells: 2 memorised, 11 levels left

rFire  . . .     SeeInvis .     s - +2 dagger (holy)
rCold  . . .     Gourm    .     a - +1 robe
rNeg   . . .     Faith    .     (no shield)
rPois  .         Spirit   .     (no helmet)
rElec  .         Dismiss  .     (no cloak)
rCorr  .         Reflect  .     (no gloves)
SustAt .         Harm     .     (no boots)
MR     .....     Rnd*Tele +     (no amulet)
Stlth  ++........               u - +5 ring of intelligence
                                i - ring of wizardry

@: not resistant to hostile enchantments, unstealthy
A: slimy green scales 1, frail 1, teleportitis 1
a: no special abilities


You were on level 5 of the Dungeon.
You were not hungry.

You visited 1 branch of the dungeon, and saw 5 of its levels.

You collected 121 gold pieces.

Inventory:

Hand Weapons
 s - a +2 dagger of holy wrath (weapon)
 w - a +0 long sword of flaming
Armour
 a - a +1 robe (worn)
Jewellery
 d - an uncursed ring of magical power {unknown}
 i - a ring of wizardry (left hand)
 j - an uncursed ring of protection from magic {unknown}
 l - an uncursed ring of ice
 u - a +5 ring of intelligence (right hand)
Wands
 o - a wand of cold (10/15)
Scrolls
 e - 3 scrolls of remove curse
 h - a scroll of identify
 m - a scroll of teleportation
 v - a scroll of recharging
Potions
 c - 2 potions of magic {unknown}
 f - a potion of brilliance {unknown}
 g - 2 potions of ambrosia {unknown}
 k - a potion of curing
 p - 3 potions of haste
Books
 b - a Young Poisoner's Handbook

   Spells                             Type                      Level
   a - Sting                          Conjuration/Poison           1
   b - Cure Poison                    Poison                       2
   c - Mephitic Cloud                 Conjuration/Poison/Air       3
   d - Olgreb's Toxic Radiance        Poison                       4
   e - Venom Bolt                     Conjuration/Poison           5
Miscellaneous
 n - a plain deck of wonders {drawn: 2}
Comestibles
 q - a meat ration
 r - 2 bread rations
 x - a slice of pizza


   Skills:
 - Level 2.4 Dodging
 - Level 2.5 Stealth
 * Level 5.6 Spellcasting
 * Level 2.3 Conjurations
 + Level 0.4 Air Magic
 + Level 5.5 Poison Magic


You had 11 spell levels left.
You knew the following spells:

 Your Spells              Type           Power        Failure   Level  Hunger
a - Sting                 Conj/Pois      ####         1%          1    None
b - Mephitic Cloud        Conj/Pois/Air  ###.....     4%          3    None


Dungeon Overview and Level Annotations

Branches:
Dungeon (5/15)
 Temple: D:4-7

Altars:
Nemelex Xobeh
Pakellas


Innate Abilities, Weirdness & Mutations

You are partially covered in slimy green scales (AC +2).
You are frail (-10% HP).
You are occasionally teleported next to monsters.


Message History

The ice beast is heavily wounded.
The ice beast hits you. The ice beast freezes you!
* * * LOW HITPOINT WARNING * * *
Unknown command.
Casting: Mephitic Cloud
Confirm with . or Enter, or press ? or * to list all spells.
Aiming: Sting
Press: ? - help, Shift-Dir - straight line, f - ice beast
Aim: an ice beast (noxious fumes, heavily wounded)
The sting misses the ice beast.
The ice beast hits you but does no damage.
Casting: Sting
Confirm with . or Enter, or press ? or * to list all spells.
Aiming: Sting
Press: ? - help, Shift-Dir - straight line, f/p - ice beast
Aim: an ice beast (noxious fumes, heavily wounded)
The sting hits the ice beast.
The ice beast appears unharmed.
The ice beast is heavily wounded.
The ice beast hits you.
You die...

.. ##.# #..
#.# #<# #.#
#.# #.# #@#
#...§§Y....#
#...§§§#####
#...#§..
#.....###
#...### ##.
#.


You could see an ice beast.

Vanquished Creatures
  An iguana (D:4)
  Ijyb (D:3)
  6 adders
  2 worms
  2 giant geckos
  6 orcs
  3 ball pythons
  4 giant cockroaches
  7 hobgoblins
  A jackal (D:1)
  2 quokkas
  10 bats
  5 giant newts
  15 goblins
  9 kobolds
  5 rats (D:1)
79 creatures vanquished.

Vanquished Creatures (others)
  A deep elf knight (D:3)
1 creature vanquished.

Grand Total: 80 creatures vanquished

Notes
Turn   | Place    | Note
--------------------------------------------------------------
     0 | D:1      | ater218 the Deep Elf Venom Mage began the quest for the Orb.
     0 | D:1      | Reached XP level 1. HP: 10/10 MP: 6/6
   401 | D:1      | Reached XP level 2. HP: 15/15 MP: 6/8
   910 | D:1      | Reached skill level 5 in Poison Magic
   910 | D:1      | Reached XP level 3. HP: 11/19 MP: 0/10
  1418 | D:2      | Reached skill level 1 in Conjurations
  1485 | D:2      | Found a sparkling altar of Nemelex Xobeh.
  1890 | D:2      | Reached XP level 4. HP: 13/24 MP: 4/12
  2185 | D:2      | Gained mutation: You are partially covered in slimy green scales (AC +2). [potion of mutation]
  2185 | D:2      | Gained mutation: You are frail (-10% HP). [potion of mutation]
  2185 | D:2      | Gained mutation: You are occasionally teleported next to monsters. [potion of mutation]
  2338 | D:3      | Learned a level 3 spell: Mephitic Cloud
  2594 | D:3      | Found an oddly glowing altar of Pakellas.
  2595 | D:3      | Noticed a deep elf knight
  2600 | D:3      | Killed a deep elf knight
  2778 | D:3      | Reached skill level 5 in Spellcasting
  3112 | D:3      | Noticed Ijyb
  3170 | D:3      | Killed Ijyb
  3170 | D:3      | Reached XP level 5. HP: 25/25 MP: 3/14
  3657 | D:4      | Drew Focus: Int increased to 22, Str decreased to 4
  3712 | D:5      | Entered Level 5 of the Dungeon
  3716 | D:5      | Noticed an ice beast
  3726 | D:5      | Slain by an ice beast

Vault maps used:
D:1:      tarquinn_simple_flora_water_d, corner_web_ring, hex_medium,
          st_stairs_11
D:2:      grunt_ministairs_8, nemelex_deck
D:3:      kennysheep_the_goblin_king, first_bread, st_stairs_1,
          gammafunk_pakellas_spire_experiment
D:4:      kennysheep_little_box, minmay_temple_entry_purple_smoke
D:5:      marbit_many_paths, vehumet_altar_wand_db, st_stairs_13

Action                   |  1- 3 |  4- 6 || total
-------------------------+-------+-------++-------
Melee: Unarmed           |    17 |       ||    17
       Dagger            |     2 |    12 ||    14
 Cast: Sting             |   102 |    87 ||   189
       Mephitic Cloud    |       |    18 ||    18
Evoke: Deck              |     1 |     1 ||     2
  Use: Scroll            |       |     8 ||     8
       Potion            |       |     4 ||     4
 Stab: Sleeping          |     1 |       ||     1
  Eat: Bread ration      |     1 |     1 ||     2
